 Dungeon Crawl Stone Soup version 0.28-a0-1616-g050a50673c (webtiles) character file.

Game seed: 12977571743040610355

675 a3don the Ruffian (level 7, 0/61 HPs)
             Began as a Ghoul Monk on Jan 22, 2022.
             Was a Follower of Makhleb.
             Slain by a black bear (1 damage)
             ... on level 5 of the Dungeon.
             The game lasted 00:09:02 (3864 turns).

a3don the Ruffian (Ghoul Monk)                      Turns: 3864, Time: 00:09:03

Health: 0/61       AC:  8    Str: 17    XL:     7   Next: 59%
Magic:  6/6        EV: 11    Int:  5    God:    Makhleb [*.....]
Gold:   136        SH:  6    Dex: 11    Spells: 6/6 levels left

rFire   . . .      SeeInvis .     - Unarmed
rCold   + . .      Faith    .   d - +2 buckler
rNeg    + + +      Spirit   .   l - +3 ring mail {rN+}
rPois   ∞          Reflect  .   (no helmet)
rElec   .          Harm     .   (no cloak)
rCorr   .          Rampage  .   (no gloves)
Will    .....                   (no boots)
Stlth   +.........              x - amulet of the acrobat
HPRegen 0.00/turn               (no ring)
MPRegen 0.10/turn               (no ring)

@: inhibited regen
A: claws 1, cold resistance 1, negative energy resistance 3, inhibited
regeneration, torment resistance 2
a: Renounce Religion


You were on level 5 of the Dungeon.
You worshipped Makhleb.
Makhleb was aware of your devotion.
You visited 2 branches of the dungeon, and saw 6 of its levels.

You collected 136 gold pieces.

Inventory:

Hand Weapons
 h - a +0 hand axe
 t - a +2 dagger of flaming
Missiles
 g - 30 stones (quivered)
 v - 4 atropa-tipped darts
Armour
 a - a +0 robe
 d - a +2 buckler (worn)
 f - a +0 ring mail of fire resistance
 l - a +3 ring mail of positive energy (worn)
Jewellery
 x - an amulet of the acrobat (around neck)
Wands
 k - a wand of iceblast (4)
 r - a wand of digging (3)
Scrolls
 b - a scroll of vulnerability
 e - a scroll of enchant weapon {unknown}
 i - a scroll of amnesia {unknown}
 j - 2 scrolls of teleportation
 s - a scroll of identify
 u - a scroll of fog {unknown}
Potions
 n - a potion of magic {unknown}
 o - a potion of curing {unknown}
 p - a potion of might
 q - a potion of brilliance {unknown}
 w - a potion of invisibility {unknown}


   Skills:
 + Level 5.5 Fighting
 + Level 4.5 Dodging
 - Level 2.1 Stealth
 + Level 3.2 Shields
 + Level 5.5 Unarmed Combat


You had 6 spell levels left.
You didn't know any spells.
Your spell library was empty.

Dungeon Overview and Level Annotations

Branches:
Dungeon (5/15)             Temple (1/1) D:4

Altars:
Ashenzari
Dithmenos
Kikubaaqudgha
Makhleb
Okawaru
Qazlal
Sif Muna
Trog
Vehumet
Wu Jian
Xom
The Shining One

Shops:
D:1 :

Annotations:
D:5 Blork the orc, Pikel


Innate Abilities, Weirdness & Mutations

You thrive by killing the living.
You are immune to poison.
You have sharp fingernails.
Your flesh is cold resistant. (rC+)
You are immune to negative energy. (rN+++)
You do not regenerate when monsters are visible.
You are immune to unholy pain and torment.


Message History

The lemure barely misses you. The water moccasin zombie bites you.
* * * LOW HITPOINT WARNING * * *
The lemure hits you but does no damage. You block the black bear's attack.
The black bear completely misses you. The black bear claws you.
* * * LOW HITPOINT WARNING * * *
You scratch Pikel but do no damage.
Pikel is severely wounded.
Pikel misses you. The lemure hits you but does no damage.
The water moccasin zombie barely misses you.
The black bear barely misses you. The black bear claws you.
* * * LOW HITPOINT WARNING * * *
You block the black bear's attack.
An orc comes into view. It is wielding a +0 hand axe.
The lemure hits you but does no damage.
You scratch Pikel.
Pikel is severely wounded.
The black bear closely misses you. You block the black bear's attack. x2
The water moccasin zombie bites you.
* * * LOW HITPOINT WARNING * * *
Pikel hits you with a +1 whip of flaming!
* * * LOW HITPOINT WARNING * * *
Pikel burns you.
* * * LOW HITPOINT WARNING * * *
The lemure misses you. The lemure hits you but does no damage.
The black bear closely misses you. The black bear claws you.
* * * LOW HITPOINT WARNING * * *
The black bear claws you but does no damage.
You scratch Pikel but do no damage.
Pikel is severely wounded.
The water moccasin zombie bites you but does no damage.
You block Pikel's attack. The lemure misses you.
You block the black bear's attack. The black bear closely misses you.
The black bear barely misses you. The phantom closely misses you.
The lemure barely misses you.
You scratch Pikel.
Pikel is almost dead.
A centaur zombie comes into view.
The water moccasin zombie bites you but does no damage.
You block the black bear's attack. The black bear claws you.
You die...

.. .>. #o..
#########...#
##.....#.....#
##............Z
#.....W55......
#......@h5.....
#.....Z.K.....$
#..............
#..............
#.?............
##.............
##$....#......
############.


You could see Pikel (strong), a phantom, a black bear (berserk), 3 lemures, an
orc, a water moccasin zombie and a centaur zombie (wandering).

Vanquished Creatures
  Prince Ribbit (D:4)
  Eustachio (D:4)
  A lemure (D:5)
  A hound (D:4)
  A gnoll shaman (D:4)
  Jessica (D:3)
  Ijyb (D:3)
  Natasha (thrice) (D:3)
  6 adders
  5 gnolls
  A dart slug (D:1)
  2 orcs
  5 ball pythons
  2 bats
  5 endoplasms
  2 giant cockroaches
  11 goblins
  6 hobgoblins
  6 jackals
  3 kobolds
  2 quokkas
  5 frilled lizards
  5 rats
76 creatures vanquished.

Vanquished Creatures (others)
  4 plants (D:4)
4 creatures vanquished.

Grand Total: 80 creatures vanquished

Notes
Turn   | Place    | Note
-------+----------+-------------------------------------------
     0 | D:1      | a3don the Ghoul Monk began the quest for the Orb.
     0 | D:1      | Reached XP level 1. HP: 19/19 MP: 0/0
    73 | D:1      | Found Umoaqe's Book Shoppe.
   396 | D:1      | Reached XP level 2. HP: 22/26 MP: 1/1
   655 | D:1      | Found a faded altar of an unknown god.
   826 | D:1      | Reached XP level 3. HP: 33/33 MP: 2/2
  1371 | D:3      | Noticed Ijyb
  1409 | D:3      | Killed Ijyb
  1410 | D:3      | Reached skill level 1 in Shields
  1410 | D:3      | Reached XP level 4. HP: 16/40 MP: 3/3
  1651 | D:3      | Noticed Natasha
  1662 | D:3      | Killed Natasha
  1667 | D:3      | Reached XP level 5. HP: 43/46 MP: 4/4
  1697 | D:3      | Noticed Natasha
  1705 | D:3      | Killed Natasha
  1890 | D:3      | Noticed Jessica
  1895 | D:3      | Killed Jessica
  2075 | D:3      | Noticed Natasha
  2088 | D:3      | Killed Natasha
  2279 | D:4      | Reached XP level 6. HP: 51/53 MP: 5/5
  2364 | D:4      | Noticed Eustachio
  2403 | D:4      | Killed Eustachio
  2404 | D:4      | Reached skill level 5 in Unarmed Combat
  3054 | D:4      | Reached skill level 5 in Fighting
  3123 | D:4      | Found a staircase to the Ecumenical Temple.
  3145 | D:4      | Found a broken altar of Ashenzari.
  3338 | Temple   | Entered the Ecumenical Temple
  3343 | Temple   | Became a worshipper of Makhleb the Destroyer
  3343 | Temple   | Reached * piety under Makhleb
  3343 | Temple   | Reached ** piety under Makhleb
  3363 | D:5      | Entered Level 5 of the Dungeon
  3392 | D:4      | Reached XP level 7. HP: 45/61 MP: 6/6
  3473 | D:5      | Noticed Blork the orc
  3477 | D:5      | Noticed Prince Ribbit
  3501 | D:4      | HP: 3/61 [Prince Ribbit (9)]
  3516 | D:4      | Killed Prince Ribbit
  3853 | D:5      | Noticed Pikel
  3862 | D:5      | HP: 3/61 [Pikel (3)]
  3862 | D:5      | HP: 1/61 [black bear (2)]
  3864 | D:5      | Slain by a black bear

Illustrated notes

Levels and vault maps discovered:
D:1:      nagdon_arrival_zigzag_paths, layout_basic, serial_shops,
          nicolae_shop_advertising_works [nicolae_subvault_shop_adworks],
          basic_ecumenical_altar, minmay_crystal_water
D:2:      layout_basic, uniq_sigmund
D:3:      layout_loops_cross, uniq_jessica, uniq_natasha, uniq_ijyb
D:4:      layout_basic, nicolae_overflow_hidden_temple,
          minmay_temple_entry_gardened_gates, uniq_eustachio
D:5:      layout_rooms, nicolae_elyvilon_temple_path, nicolae_shop_firing_range,
          uniq_pikel, uniq_prince_ribbit1, uniq_blork_the_orc
Temple:   minmay_freezing_vapour_temple

Skill      XL: |  1  2  3  4  5  6  7 |
---------------+----------------------+-----
Dodging        | 3 4 |  4.5
Fighting       | 4 5 |  5.5
Shields        | 1 2 3 |  3.2
Unarmed Combat | 4 5 |  5.5
Stealth        | |  2.1

Action                   |  1- 3 |  4- 6 |  7- 9 || total
-------------------------+-------+-------+-------++-------
Melee: Unarmed           |   144 |   144 |    26 ||   314
       Punch             |     1 |       |       ||     1
Throw: Stone             |     1 |     1 |       ||     2
Evoke: Wand              |       |       |     7 ||     7
  Use: Scroll            |       |       |     3 ||     3
       Potion            |       |       |     1 ||     1
 Stab: Sleeping          |     2 |       |       ||     2
Armor: Robe              |     2 |       |       ||     2
       Ring mail         |    28 |    59 |    16 ||   103
Dodge: Dodged            |    74 |    74 |    48 ||   196
Block: Buckler           |    18 |    34 |    28 ||    80

Table legend: (Time is in decaauts)
 A = Elapsed time spent in this place.
 B = Non-inter-level travel time spent in this place.
 C = Inter-level travel time spent in this place.
 D = Time resting spent in this place.
 E = Time spent auto-exploring this place.
 F = Levels seen in this place.
 G = Mean time per level.
                   A        B        C        D        E       F      G
               +--------+--------+--------+--------+--------+-----+--------+
         Total |   3866 |   3755 |    111 |    955 |   2006 |   6 |  644.3 |
       Dungeon |   3856 |   3751 |    105 |    955 |   2006 |   5 |  771.2 |
        Temple |     10 |      5 |      5 |      0 |      0 |   1 |   10.0 |
               +--------+--------+--------+--------+--------+-----+--------+

Top non-repeatable levels by time:
     D:4: 1554 daAuts
     D:3: 1142 daAuts
     D:1: 908 daAuts
     D:2: 213 daAuts
     D:5: 38 daAuts
  Temple: 10 daAuts
